 Dungeon Crawl Stone Soup version 0.31-a0-177-g4aa6249778 (webtiles) character file.

Game seed: 9073271264222245459

42 Hajna the Trooper (level 3, -1/30 HPs)
             Began as a Demonspawn Chaos Knight on June 18, 2023.
             Was a Plaything of Xom.
             Killed by nerve-wracking pain
             ... invoked by a shadow imp
             ... summoned by Xom
              (3 damage)
             ... on level 2 of the Dungeon on June 19, 2023.
             The game lasted 00:06:08 (1204 turns).

Hajna the Trooper (Demonspawn Chaos Knight)         Turns: 1204, Time: 00:06:13

Health: -1/30      AC:  5    Str: 12      XL:     3   Next: 35%
Magic:  3/3        EV: 11    Int: 15      God:    Xom [......]
Gold:   57         SH:  0    Dex: 10 (12) Spells: 2/2 levels left

rFire   + . .        e - staff of fire
rCold   . . .        (no shield)
rNeg    . . .        b - +2 leather armour
rPois   .            (no helmet)
rElec   .            (no cloak)
rCorr   .            (no gloves)
SInv    .            (no boots)
Will    +....        (no amulet)
Stlth   +            (no ring)
HPRegen 0.25/turn    (no ring)
MPRegen 0.08/turn

%: no passive effects
@: enlightened, flying, hasted, very quick
A: powered by pain 1, weakness stinger 1
a: Renounce Religion


You were on level 2 of the Dungeon.
You worshipped Xom.
You were a very special plaything of Xom.
You visited 1 branch of the dungeon, and saw 2 of its levels.

You collected 57 gold pieces.

Inventory:

Hand Weapons
 a - a +0 falchion of chaos
Armour
 b - a +2 leather armour (worn)
Magical Staves
 e - a staff of fire (weapon)
Scrolls
 d - a scroll of teleportation
 g - a scroll of enchant weapon {unknown}
 h - a scroll of enchant armour {unknown}
Miscellaneous
 c - a piece from Xom's chessboard (13/15) (quivered)


   Skills:
 + Level 3.7 Fighting
 + Level 2.8 Long Blades
 + Level 0.6 Staves
 + Level 1.9 Armour
 + Level 1.3 Dodging
 * Level 0.8 Evocations


You had 2 spell levels left.
You didn't know any spells.
Your spell library was empty.

Dungeon Overview and Level Annotations

Branches:
Dungeon (2/15)

Altars:


Innate Abilities, Weirdness & Mutations

You sometimes gain a little power by taking damage.
You have a small tail.


Message History

Something claws you but does no damage. Something claws you.
You completely miss something. Something bites you.
Something claws you but does no damage. Something claws you.
You feel clumsy. The shadow imp barely misses you.
Something bites you but does no damage.
Something claws you but does no damage. x2; The shadow imp hits you.
The shadow imp gestures at you.
You barely resist. You completely miss something. Something bites you.
You feel clumsy.
Something claws you but does no damage. x2; The shadow imp hits you.
* * * LOW HITPOINT WARNING * * *
It was a potion of enlightenment.
You feel very buoyant.
You fly up into the air.
Xom roars with laughter!
Something bites you but does no damage. Something claws you but does no damage.
Something claws you.
* * * LOW HITPOINT WARNING * * *
Something bites you but does no damage. Something claws you.
* * * LOW HITPOINT WARNING * * *
Something claws you but does no damage.
The shadow imp hits you but does no damage.
Non-targeted evoke: piece from Xom's chessboard (14/15)
Press: ? - help, Q - select action Dir - look around, f - activate You make a move on Xom's chessboard...
The shadow imp is outlined in light.
Something bites you.
* * * LOW HITPOINT WARNING * * *
Something claws you.
* * * LOW HITPOINT WARNING * * *
Something claws you.
* * * LOW HITPOINT WARNING * * *
The shadow imp barely misses you.
It was a potion of haste.
You feel yourself speed up.
Xom roars with laughter!
Something bites you but does no damage.
Something claws you but does no damage. x2
The shadow imp gestures at you. Pain shoots through your body!
You die... "What!?
That's it?"

##########
#@{...(...
#5#######.#
####
#######.####
#.# ##..
...........#
#.# .#.#
#######.##.#
#.#
..(######
.....#.# #.#
...[....#
###..#.##
#.#
...####.#
#.....###.##
.#.# #.#
#..........#


You could see a shadow imp (summoned, corona).

Vanquished Creatures
  A dart slug (D:1)
  2 endoplasms (D:1)
  2 giant cockroaches (D:1)
  2 goblins (D:1)
  A hobgoblin (D:1)
  6 kobolds (D:1)
  5 quokkas
  5 ball pythons
  7 bats
  A frilled lizard (D:1)
  5 rats (D:1)
37 creatures vanquished.

Notes
Turn   | Place    | Note
-------+----------+-------------------------------------------
     0 | D:1      | Hajna the Demonspawn Chaos Knight began the quest for the
                  | Orb.
     0 | D:1      | Reached XP level 1. HP: 18/18 MP: 1/1
    36 | D:1      | XOM: divination: detect items
    71 | D:1      | XOM: divination: magic mapping
    87 | D:1      | XOM: 3-stop teleportation journey
   157 | D:1      | Gained mutation: You have a small tail. [demonic ancestry]
   157 | D:1      | Reached XP level 2. HP: 24/24 MP: 2/2
   254 | D:1      | Reached skill level 1 in Dodging
   290 | D:1      | XOM: silly message
   435 | D:1      | Upgraded the game from 0.31-a0-176-g91f28db67f to
                  | 0.31-a0-177-g4aa6249778
   560 | D:1      | Identified a scroll of acquirement
   560 | D:1      | Acquired the staff "Xooxkam" {Contam *Corrode rElec Str+6
                  | SInv Air}
   627 | D:1      | XOM: cast spell 'Summon Cactus Giant'
   632 | D:1      | Gained mutation: You sometimes gain a little power by
                  | taking damage. [demonic ancestry]
   632 | D:1      | Reached XP level 3. HP: 27/29 MP: 3/3
  1192 | D:2      | XOM: summons 2 hostile demons
  1204 | D:2      | Killed from afar by a shadow imp

Illustrated notes

Levels and vault maps discovered:
D:1:      dpeg_arrival_arbitrary_a, layout_loops_ring
D:2:      layout_loops_ring, chequers_ecumenical_altar_simple, serial_forest,
          infiniplex_forest_straight_2, infiniplex_forest_clump_diagonal,
          infiniplex_forest_straight_3, infiniplex_forest_lined_corner,
          infiniplex_forest_straight_2, uniq_natasha

Skill      XL: |  1  2 |
---------------+-------+-----
Dodging        | 1 |  1.3
Fighting       | |  3.7
Long Blades    | |  2.8
Staves         | |  0.6
Armour         | |  1.9
Evocations     | |  0.8

Action                     || total
---------------------------++-------
  Melee: Falchion          ||    15
         Staff             ||   125
         Tailslap          ||    11
         Punch             ||     1
  Evoke: Piece from Xom's  ||     2
    Use: Scroll            ||     2
         Potion            ||     2
 Armour: Leather armour    ||    95
  Dodge: Dodged            ||   112

Table legend: (Time is in decaauts)
 A = Elapsed time spent in this place.
 B = Non-inter-level travel time spent in this place.
 C = Inter-level travel time spent in this place.
 D = Time resting spent in this place.
 E = Time spent auto-exploring this place.
 F = Levels seen in this place.
 G = Mean time per level.
                   A        B        C        D        E       F      G
               +--------+--------+--------+--------+--------+-----+--------+
         Total |   1228 |   1184 |     44 |      0 |    888 |   2 |  614.0 |
       Dungeon |   1228 |   1184 |     44 |      0 |    888 |   2 |  614.0 |
               +--------+--------+--------+--------+--------+-----+--------+

Top non-repeatable levels by time:
     D:1: 1012 daAuts
     D:2: 216 daAuts
